Map: Incorporeal LE

Players

Reynor - Winner!

  • Race: Zerg Zerg
  • Spawn Location: 5:00

Zoun

  • Race: Protoss Protoss
  • Spawn Location: 11:00

Event: Esports World Cup 2025

VOD

Have the link to the VOD?

Description

Time

  • Played on: July 24, 2025, 5:10 a.m.
  • Length: 11:15

All games in this series

Show
View Real Time Build Order
Export as new Build Order

Reynor Zerg - Winner!

Build Orders: Hatch First, Lurkers 

Get SALT Encoding   

  12  0:00  Drone  
  13  0:07  Drone  
  14  0:14  Drone, Extractor  
  15  0:21  Overlord  
  15  0:41  Drone  
  16  0:45  Hatchery  
  16  0:48  Drone  
  16  0:52  Drone  
  16  0:56  Drone  
  18  1:14  Spawning Pool  
  18  1:15  Drone  
  18  1:23  Drone  
  19  1:51  Hatchery  
  19  1:53  Drone x2  
  19  1:57  Drone  
  19  2:00  Drone  
  21  2:05  Extractor  
  21  2:07  Zergling x2  
  21  2:12  Zergling x2  
  22  2:19  Drone  
  23  2:33  Overlord  
  23  2:51  Queen  
  25  2:52  Drone x2  
  27  2:59  Zergling x2  
  27  3:03  Queen  
  27  3:04  Zergling x2  
  31  3:09  Metabolic Boost  
  31  3:12  Spine Crawler  
  31  3:15  Drone  
  31  3:17  Drone  
  32  3:25  Drone  
  32  3:26  Drone  
  34  3:39  Drone, Hatchery  
  34  3:42  Drone  
  34  3:43  Drone  
  34  3:46  Overlord  
  35  3:58  Overlord  
  35  4:04  Queen  
  35  4:07  Drone  
  35  4:08  Zergling x2  
  39  4:11  Drone x4  
  43  4:18  Spore Crawler  
  43  4:21  Drone x2  
  42  4:24  Drone  
  42  4:31  Drone  
  43  4:34  Drone  
  44  4:38  Queen  
  44  4:39  Spore Crawler  
  44  4:40  Drone  
  44  4:42  Overlord  
  46  4:45  Drone x3  
  46  4:47  Overlord  
  46  4:50  Drone  
  46  4:51  Drone  
  51  4:54  Drone  
  51  5:00  Drone  
  51  5:01  Queen  
  54  5:08  Drone x2  
  54  5:10  Drone x2, Spore Crawler  
  54  5:12  Drone  
  57  5:15  Drone x2  
  59  5:23  Zergling x4  
  59  5:24  Zergling x2  
  59  5:26  Zergling x2  
  63  5:28  Evolution Chamber  
  63  5:34  Zergling x4  
  64  5:37  Drone x2, Overlord  
  64  5:38  Drone  
  64  5:42  Queen  
  69  5:46  Overlord  
  69  5:47  Drone x3  
  72  5:50  Drone  
  72  5:52  Overlord  
  73  6:06  Drone x2  
  73  6:07  Drone x2  
  75  6:11  Drone x3  
  75  6:12  Drone x2  
  75  6:17  Zerg Melee Weapons Level 1  
  77  6:18  Lair  
  77  6:20  Drone  
  77  6:22  Overlord  
  77  6:24  Zergling x2, Hatchery  
  78  6:29  Drone  
  78  6:31  Extractor x2  
  77  6:34  Zergling x4  
  77  6:39  Zergling x8  
  83  6:40  Overlord  
  83  6:41  Zergling x4  
  83  6:46  Zergling x2  
  85  6:50  Drone x2  
  84  6:56  Drone  
  84  7:00  Drone x4  
  87  7:02  Drone  
  87  7:04  Drone x2  
  87  7:05  Extractor  
  87  7:09  Drone x3  
  87  7:10  Drone x2  
  87  7:13  Drone  
  87  7:15  Drone  
  94  7:17  Hatchery  
  94  7:18  Hydralisk Den  
  94  7:19  Zergling x2  
  93  7:24  Overlord  
  93  7:25  Zergling x2  
  93  7:28  Zergling x6  
  96  7:30  Zergling x2  
  96  7:33  Zergling x6  
  100  7:38  Overlord  
  100  7:39  Zergling x4  
  100  7:40  Drone  
  103  7:44  Drone x2  
  103  7:45  Drone, Extractor  
  103  7:46  Drone, Extractor  
  103  7:47  Drone  
  103  7:49  Overlord  
  106  7:53  Muscular Augments  
  106  7:54  Hydralisk, Baneling Nest  
  106  7:56  Hydralisk x3  
  113  8:01  Hydralisk x3  
  113  8:04  Zergling x6  
  122  8:09  Hydralisk  
  122  8:10  Drone  
  125  8:13  Hydralisk  
  125  8:16  Zergling x6  
  125  8:17  Overlord  
  125  8:19  Hydralisk  
  132  8:21  Drone  
  132  8:23  Drone x2  
  132  8:24  Overlord, Extractor  
  132  8:26  Overlord  
  134  8:27  Zerg Missile Weapons Level 1  
  134  8:28  Drone  
  134  8:30  Overlord  
  134  8:31  Infestation Pit  
  134  8:32  Drone x6  
  134  8:34  Drone  
  141  8:36  Extractor  
  141  8:40  Pneumatized Carapace  
  140  8:42  Hydralisk x3  
  140  8:43  Zergling x6  
  140  8:45  Drone  
  150  8:50  Drone x3  
  150  8:51  Overlord  
  150  8:54  Zergling x10  
  150  8:55  Zergling x4  
  160  8:58  Hydralisk  
  160  8:59  Zergling x8  
  166  9:02  Overlord  
  165  9:10  Lurker Den  
  165  9:12  Hydralisk x2, Zergling x4  
  165  9:13  Zergling x8  
  165  9:15  Hydralisk  
  165  9:16  Hydralisk  
  165  9:17  Hydralisk  
  159  9:18  Hydralisk  
  159  9:21  Zergling x6  
  159  9:24  Hydralisk x4  
  157  9:25  Hydralisk  
  157  9:26  Zergling x4  
  157  9:29  Zergling x6  
  162  9:33  Zergling x2  
  162  9:35  Zergling x2  
  162  9:37  Hydralisk, Hive  
  162  9:38  Zergling x8  
  159  9:42  Drone  
  159  9:44  Extractor  
  154  9:45  Drone  
  154  9:47  Hydralisk  
  154  9:48  Hydralisk  
  154  9:51  Drone x2  
  160  9:53  Grooved Spines  
  160  9:54  Hydralisk  
  160  9:55  Zergling x4  
  161  10:02  Zergling x14  
  161  10:05  Zergling x4  
  168  10:09  Lurker x3  
  168  10:10  Lurker, Hydralisk  
  168  10:11  Zergling x2  
  174  10:15  Overlord  
  174  10:20  Hydralisk  
  174  10:21  Zergling x16  
  171  10:24  Overlord  
  166  10:30  Hydralisk  
  166  10:31  Zergling x16  
  166  10:36  Hydralisk x2, Overseer  
  166  10:37  Zergling x2  
  166  10:41  Hydralisk  
  166  10:42  Zergling x2, Hydralisk  
  167  10:43  Zergling x4  
  167  10:45  Hydralisk  
  167  10:47  Hydralisk  
  167  10:48  Zergling x2  
  161  10:54  Zergling x4  
  163  10:57  Zergling x4  
Show
View Real Time Build Order
Export as new Build Order

Zoun Protoss 

Build Orders: Cannon Rush 

Get SALT Encoding   

  1  0:00  Probe  
  12  0:04  Probe  
  14  0:17  Pylon  
  15  0:21  Probe  
  15  0:35  Probe  
  16  0:37  Forge  
  16  0:51  Pylon  
  16  0:55  Pylon  
  16  1:03  Probe  
  17  1:13  Photon Cannon  
  17  1:22  Photon Cannon  
  17  1:36  Photon Cannon  
  17  1:38  Photon Cannon  
  16  1:40  Photon Cannon  
  16  1:42  Probe  
  17  1:53  Probe  
  17  2:01  Gateway, Probe  
  18  2:09  Probe  
  18  2:10  Photon Cannon  
  19  2:19  Assimilator  
  19  2:20  Probe  
  20  2:26  Assimilator  
  20  2:32  Probe  
  21  2:45  Probe  
  21  2:48  Cybernetics Core  
  22  2:57  Probe  
  23  3:07  Nexus  
  23  3:09  Probe  
  24  3:14  Adept  
  24  3:18  Probe  
  24  3:26  Probe  
  27  3:33  Stargate  
  28  3:36  Warp Gate  
  28  3:39  Probe  
  29  3:47  Adept  
  31  3:51  Probe  
  31  3:55  Pylon  
  32  4:03  Probe  
  32  4:08  Oracle  
  33  4:13  Gateway  
  33  4:15  Probe  
  34  4:20  Probe  
  38  4:27  Probe  
  39  4:32  Probe  
  40  4:39  Gateway, Probe  
  40  4:44  Probe  
  42  4:45  Oracle  
  42  4:47  Pylon  
  42  4:52  Probe  
  46  4:56  Pylon  
  46  4:57  Probe  
  45  5:02  Pylon  
  45  5:04  Probe  
  46  5:09  Probe  
  47  5:16  Probe  
  48  5:21  Probe  
  48  5:22  Phoenix  
  48  5:24  Adept x2  
  48  5:28  Probe  
  56  5:37  Probe  
  56  5:39  Nexus  
  56  5:40  Pylon  
  57  5:45  Adept  
  57  5:46  Adept  
  61  5:50  Adept  
  61  5:55  Probe x2  
  65  5:57  Pylon  
  65  6:05  Twilight Council  
  65  6:07  Probe  
  65  6:08  Adept  
  65  6:09  Adept  
  65  6:10  Probe  
  69  6:15  Adept  
  69  6:18  Shield Battery  
  69  6:20  Probe  
  69  6:21  Protoss Ground Weapons Level 1  
  69  6:22  Probe  
  71  6:26  Assimilator  
  71  6:27  Assimilator  
  71  6:29  Adept  
  71  6:31  Adept  
  71  6:32  Probe  
  76  6:35  Blink  
  76  6:36  Probe  
  77  6:43  Probe  
  77  6:45  Probe  
  75  6:47  Probe  
  75  6:51  Probe  
  75  6:54  Probe  
  73  6:55  Probe  
  73  6:59  Probe  
  72  7:02  Probe, Stalker x2  
  72  7:05  Probe, Stalker  
  75  7:12  Gateway  
  75  7:18  Probe  
  75  7:20  Pylon, Probe  
  77  7:24  Templar Archives  
  78  7:30  Probe  
  78  7:31  Robotics Facility  
  78  7:35  Gateway  
  78  7:38  Gateway  
  78  7:40  Gateway  
  78  7:41  Psionic Storm, Assimilator  
  78  7:43  Assimilator  
  78  7:46  Probe x3  
  78  7:48  Gateway  
  81  7:58  Probe  
  81  8:04  High Templar  
  81  8:05  Gateway x2, Probe, Photon Cannon  
  85  8:22  High Templar  
  85  8:25  Charge  
  87  8:28  Pylon  
  87  8:29  Pylon  
  87  8:31  Observer  
  88  8:37  Zealot x5  
  88  8:38  Zealot  
  100  8:43  Pylon  
  100  8:46  High Templar  
  102  8:49  Warp Prism  
  103  9:03  Zealot x7  
  115  9:12  Zealot x2  
  113  9:21  Stalker  
  95  9:24  Archon  
  95  9:26  Stalker x7  
  96  9:34  Zealot x2  
  90  9:42  Probe  
  90  9:43  Warp Prism  
  91  9:47  High Templar  
  91  9:56  High Templar x3  
  95  10:02  Zealot x5  
  95  10:05  Zealot  
  99  10:22  Zealot x3  
  99  10:23  Zealot x3  
  103  10:29  Zealot x3  
  103  10:30  Zealot  
  106  10:43  Zealot x6  
  106  10:48  Archon  
  90  10:51  Stalker x4  
Tags
 
Add a new tag
Caveats
  • Supply blocks, unpowered buildings, or Contaminate may cause inaccurate times.
  • Supply counts are checked every 10 seconds.